 Dungeon Sprint DCSS version 0.21-a0-278-ga722497 (webtiles) character file.

64 Kidiri the Magician (level 3, -2/19 HPs)
             Began as a Deep Elf Fire Elementalist on Sept 21, 2017.
             Was an Elder of Vehumet.
             Slain by a fire bat (6 damage)
             ... in the Dungeon (Sprint VII: "The Pits").
             The game lasted 00:02:41 (423 turns).

Kidiri the Magician (Deep Elf Fire Elementalist)     Turns: 423, Time: 00:02:42

Health: -2/19      AC:  2    Str:  5    XL:     3   Next: 91%
Magic:  14/14      EV: 13    Int: 20    God:    Vehumet [****..]
Gold:   0          SH:  0    Dex: 15    Spells: 4/17 levels left

rFire    . . .     SeeInvis .   p - +1 dagger (drain)
rCold    . . .     Gourm    .   (no shield)
rNeg     . . .     Faith    .   a - +0 robe
rPois    .         Spirit   .   (no helmet)
rElec    .         Reflect  .   (no cloak)
rCorr    .         Harm     .   (no gloves)
MR       .....     NoTele   +   (no boots)
Stlth    ++........             (no amulet)
HPRegen  0.06/turn              (no ring)
MPRegen  0.14/turn              (no ring)

@: no status effects
A: no striking features
a: Renounce Religion


You were in the Dungeon.
You worshipped Vehumet.
Vehumet was greatly pleased with you.
You were not hungry.

You visited 1 branch

Inventory:

Hand Weapons
 p - a +1 dagger of draining (weapon)
Armour
 a - a +0 robe (worn)
Scrolls
 i - a scroll of blinking
 k - 2 scrolls of remove curse
 l - 5 scrolls of amnesia
 m - a scroll of summoning
Potions
 d - 6 potions of curing
 e - 5 potions of heal wounds
 f - a potion of haste
 g - 4 potions of magic
 h - 3 potions of berserk rage
 j - 2 potions of invisibility
Books
 b - a book of Flames

   Spells                             Type                      Level
   a - Flame Tongue                   Conjuration/Fire             1
   b - Throw Flame                    Conjuration/Fire             2
   c - Conjure Flame                  Conjuration/Fire             3
   d - Inner Flame                    Hexes/Fire                   3
   e - Sticky Flame                   Conjuration/Fire             4
   f - Fireball                       Conjuration/Fire             5
Comestibles
 c - 8 bread rations
 n - 40 fruits
 o - 7 meat rations


   Skills:
 - Level 2.4 Dodging
 - Level 2.4 Stealth
 * Level 7.5 Spellcasting
 + Level 4.0 Conjurations
 + Level 5.1 Fire Magic
 + Level 1.6 Air Magic
 + Level 0.0 Poison Magic


You had 4 spell levels left.
You knew the following spells:

 Your Spells              Type           Power        Failure   Level  Hunger
a - Flame Tongue          Conj/Fire      ####.        1%          1    None
b - Throw Flame           Conj/Fire      ####..       1%          2    None
c - Conjure Flame         Conj/Fire      ####....     1%          3    None
d - Inner Flame           Hex/Fire       ###.....     2%          3    None
e - Shock                 Conj/Air       ###.         1%          1    None
f - Mephitic Cloud        Conj/Pois/Air  ###.....     3%          3    None


Dungeon Overview and Level Annotations

Branches:
Dungeon (1/1)

Altars:
Ashenzari
Cheibriados
Dithmenos
Elyvilon
Fedhas
Gozag
Hepliaklqana
Kikubaaqudgha
Makhleb
Nemelex Xobeh
Okawaru
Qazlal
Ru
Sif Muna
Trog
Uskayaw
Vehumet
Wu Jian
Xom
Yredelemnul
Zin
The Shining One
Beogh
Jiyva
Lugonu


Message History

You feel your power returning.
You start resting.
Magic restored.
Unknown command.
A phantom comes into view.
The fire bat bites you.
You are engulfed in flames.
All of the chunks of flesh in your inventory have rotted away.
You see here a giant cockroach corpse.
You butcher the giant cockroach corpse.
The fire bat bites you.
You are engulfed in flames.
* * * LOW HITPOINT WARNING * * *
You see here 2 chunks of flesh.
Unknown command.
The fire bat closely misses you. The fire bat closely misses you.
There is an open door here.
The fire bat bites you.
* * * LOW HITPOINT WARNING * * *
You are engulfed in flames.
You die...

#'#####+#####.....
#.#..#..#.)##.....
#.#..รท..+.(#####+#
#.##+####+###.....
#.#......).##.....
#.#........##.....
#.#####+#####...<.
#.#..[)))..##.....
#@#..[)))..##.....
#b###########.....
#.......# ######
#..#.#..# #%## #
#.....W.# #.##.##.#
#.. # #..


You could see a fire bat.

Vanquished Creatures
  A quasit (D)
  A mummy (D)
  An ufetubus (D)
  2 giant cockroaches (D)
  5 jackals (D)
  A quokka (D)
  2 bats (D)
  A frilled lizard (D)
  A goblin (D)
  A kobold (D)
16 creatures vanquished.

Notes
Turn   | Place    | Note
-------+----------+-------------------------------------------
     0 | D        | Kidiri the Deep Elf Fire Elementalist began the quest for the Orb.
     0 | D        | Reached XP level 1. HP: 10/10 MP: 6/6
    13 | D        | Reached skill level 4 in Spellcasting
    46 | D        | Found a bloodstained altar of Trog.
    46 | D        | Found a deep blue altar of Sif Muna.
    46 | D        | Found a viscous altar of Jiyva.
    46 | D        | Found a hazy altar of Hepliaklqana.
    46 | D        | Found an opulent altar of Gozag.
    47 | D        | Found a glowing golden altar of the Shining One.
    47 | D        | Found a glowing silver altar of Zin.
    47 | D        | Found a basalt altar of Yredelemnul.
    47 | D        | Found a shimmering altar of Xom.
    47 | D        | Found an ornate altar of the Wu Jian Council.
    47 | D        | Found a sacrificial altar of Ru.
    47 | D        | Found a stormy altar of Qazlal.
    47 | D        | Found an iron altar of Okawaru.
    47 | D        | Found a sparkling altar of Nemelex Xobeh.
    47 | D        | Found a burning altar of Makhleb.
    47 | D        | Found a blossoming altar of Fedhas.
    47 | D        | Found a white marble altar of Elyvilon.
    47 | D        | Found a shadowy altar of Dithmenos.
    47 | D        | Found a snail-covered altar of Cheibriados.
    49 | D        | Found a radiant altar of Vehumet.
    49 | D        | Found a corrupted altar of Lugonu.
    49 | D        | Found a roughly hewn altar of Beogh.
    50 | D        | Found a hide-covered altar of Uskayaw.
    50 | D        | Found an ancient bone altar of Kikubaaqudgha.
    50 | D        | Found a shattered altar of Ashenzari.
    57 | D        | Became a worshipper of Vehumet
    82 | D        | Reached * piety under Vehumet
    82 | D        | Offered knowledge of Sandblast by Vehumet.
    82 | D        | Reached XP level 2. HP: 15/15 MP: 5/9
    83 | D        | Reached skill level 5 in Spellcasting
    94 | D        | Learned a level 2 spell: Throw Flame
   155 | D        | Reached ** piety under Vehumet
   233 | D        | Reached *** piety under Vehumet
   233 | D        | Reached skill level 6 in Spellcasting
   233 | D        | Reached XP level 3. HP: 19/19 MP: 8/12
   236 | D        | Offered knowledge of Shock by Vehumet.
   243 | D        | Learned a level 3 spell: Conjure Flame
   247 | D        | Learned a level 3 spell: Inner Flame
   311 | D        | Noticed a fire bat
   315 | D        | Learned a level 1 spell: Shock
   322 | D        | Offered knowledge of Mephitic Cloud by Vehumet.
   322 | D        | Reached skill level 7 in Spellcasting
   322 | D        | Reached skill level 5 in Fire Magic
   322 | D        | Reached skill level 1 in Air Magic
   330 | D        | Learned a level 3 spell: Mephitic Cloud
   407 | D        | Offered knowledge of Fulminant Prism by Vehumet.
   409 | D        | Reached **** piety under Vehumet
   418 | D        | Noticed a phantom
   423 | D        | Slain by a fire bat

Vault maps used:
D:        pitsprint

Skill      XL: |  1  2  3 |
---------------+----------+-----
Spellcasting   | 4 6 7 |  7.5
Conjurations   | 2 3 4 |  4.0
Fire Magic     | 4 5 |  5.1
Air Magic      | 1 |  1.6
Dodging        | |  2.4
Stealth        | |  2.4

Action                   || total
-------------------------++-------
Melee: Dagger            ||     2
 Cast: Flame Tongue      ||    28
       Shock             ||     3
       Conjure Flame     ||     1
       Throw Flame       ||     1
  Use: Scroll            ||     1
       Potion            ||     1
 Stab: Sleeping          ||     1
Armor: Robe              ||     5
Dodge: Dodged            ||    17

Table legend:
 A = Spawn XP
 B = Non-spawn XP
 C = Spawn XP percentage of total XP
 D = Spawn monster count
 E = Non-spawn monster count
 F = Spawn count percentage of total count
 G = Total turns spent on level
                    A         B        C        D         E        F      G
               +---------+---------+-------+---------+---------+-------+---------
         Total |       0 |      92 |   0.0 |       0 |      16 |   0.0 |   423
               +---------+---------+-------+---------+---------+-------+---------
             D |       0 |      92 |   0.0 |       0 |      16 |   0.0 |   423
               +---------+---------+-------+---------+---------+-------+---------
